 Dungeon Crawl Stone Soup version 0.29-a0-284-gf9362112df (webtiles) character file.

Game seed: 14124270995158061570

846 Ajdolov the Ogre Mage (level 8, -10/67 HPs)
             Began as an Ogre Fire Elementalist on Mar 15, 2022.
             Mangled by a gnoll sergeant
             ... wielding a +0 trident
              (19 damage)
             ... on level 5 of the Dungeon.
             The game lasted 00:07:29 (5697 turns).

Ajdolov the Ogre Mage (Ogre Fire Elementalist)      Turns: 5697, Time: 00:07:30

Health: -10/67     AC:  4    Str: 13    XL:     8   Next: 0%
Magic:  25/30      EV:  9    Int: 18    God:
Gold:   247        SH:  0    Dex:  9    Spells: 23/26 levels left

rFire   . . .      SeeInvis .   e - +1 short sword (drain)
rCold   . . .      Faith    .   z - orb {light}
rNeg    . . .      Spirit   .   a - +0 robe
rPois   .          Reflect  .   (helmet restricted)
rElec   .          Harm     .   y - +0 cloak
rCorr   .          Rampage  .   (gloves unavailable)
Will    .....                   (boots unavailable)
Stlth   +.........              (no amulet)
HPRegen 0.21/turn               n - ring of magical power
MPRegen 0.22/turn               x - ring of wizardry

@: glowing, studying Short Blades
A: large, unfitting armour, tough skin 1
a: no special abilities


You were on level 5 of the Dungeon.
You visited 1 branch of the dungeon, and saw 5 of its levels.

You collected 247 gold pieces.

Inventory:

Hand Weapons
 e - a +1 short sword of draining (weapon)
Armour
 a - a +0 robe (worn)
 y - a +0 cloak (worn)
 z - an orb of light (worn)
Jewellery
 h - a ring of flight
 n - a ring of magical power (left hand)
 x - a ring of wizardry (right hand)
Wands
 p - a wand of flame (21)
 w - a wand of digging (2)
Scrolls
 d - a scroll of fear {unknown}
 f - a scroll of immolation {unknown}
 g - 4 scrolls of teleportation {unknown}
 i - a scroll of enchant weapon {unknown}
 l - a scroll of holy word {unknown}
 m - 3 scrolls of magic mapping {unknown}
 q - a scroll of vulnerability {unknown}
 s - 2 scrolls of identify {unknown}
 u - 3 scrolls of blinking {unknown}
 A - a scroll of torment {unknown}
Potions
 b - 4 potions of magic
 c - a potion of attraction {unknown}
 j - 6 potions of curing {unknown}
 k - 3 potions of berserk rage
 o - 2 potions of resistance {unknown}
 r - a potion of might {unknown}
 t - a potion of invisibility {unknown}
 v - a potion of brilliance {unknown}


   Skills:
 - Level 1.7 Dodging
 - Level 1.4 Stealth
 * Level 9.9 Spellcasting
 - Level 0.8 Conjurations
 - Level 2.6 Fire Magic


You had 23 spell levels left.
You knew the following spells:

 Your Spells              Type           Power      Damage    Failure   Level
a - Foxfire               Conj/Fire      60%        2x1d7     1%          1
b - Scorch                Fire           36%        2d6       1%          2

Your spell library contained the following spells:

 Spells                   Type           Power      Damage    Failure   Level
 Conjure Flame            Conj/Fire      15%        6-21      4%          3
 Inner Flame              Hex/Fire       13%        N/A       6%          3
 Flame Wave               Conj/Fire      15%        2d6       16%         4


Dungeon Overview and Level Annotations

Branches:
Dungeon (5/15)
 Temple: D:4-7

Altars:
Fedhas
Gozag
Okawaru
Ru
Wu Jian

Annotations:
D:2 1 runed translucent door, Crazy Yiuf


Innate Abilities, Weirdness & Mutations

You are too large for most types of armour.
You have tough skin. (AC +1)


Message History

The gnoll sergeant hits you from afar with a +0 trident!
* * * LOW HITPOINT WARNING * * *
You climb upwards.
There is a stone staircase leading down here.
You start resting.
Your magical contamination has completely faded away.
You start resting.
Magic restored.
You start resting.
HP restored.
There is a stone staircase leading down here.
You climb downwards.
There is a stone staircase leading up here.
A gnoll sergeant is nearby!
You can't see any susceptible monsters within range! (Use Z to cast anyway.)
The gnoll sergeant hits you from afar with a +0 trident!
Flames lash the gnoll sergeant.
The gnoll sergeant is lightly wounded.
The gnoll sergeant's fire resistance burns away.
The gnoll sergeant hits you from afar with a +0 trident!
Flames lash the gnoll sergeant.
The gnoll sergeant is burned terribly!
The gnoll sergeant is moderately wounded.
The gnoll sergeant hits you from afar with a +0 trident!
Flames lash the gnoll sergeant.
The gnoll sergeant is burned terribly!
The gnoll sergeant is heavily wounded.
The gnoll sergeant drinks a potion.
The gnoll sergeant goes berserk!
Flames lash the gnoll sergeant.
The gnoll sergeant is burned terribly!
The gnoll sergeant is severely wounded.
The gnoll sergeant hits you from afar with a +0 trident! x2
* * * LOW HITPOINT WARNING * * *
You hear a shout!
The gnoll sergeant hits you from afar with a +0 trident.
* * * LOW HITPOINT WARNING * * *
The gnoll sergeant closely misses you.
The gnoll sergeant hits you from afar with a +0 trident.
* * * LOW HITPOINT WARNING * * *
There is a stone staircase leading up, spattered with blood here.
The gnoll sergeant misses you.
The gnoll sergeant hits you from afar with a +0 trident!!
You die...

#...................!##
#.................##.#
###..[............###
##.................#
##.......[...)<....##
#...........#.....##
#..........###g####
#..........# #.#
#....(..(..###@#
#..........#...#
##...........###
##........####
#..........#
#..........#
#..........#
#..........#
#..........#


You could see a gnoll sergeant (berserk, combustible).

Vanquished Creatures
  Sigmund (D:3)
  An ogre (D:5)
  A phantom (D:4)
  3 orc priests
  2 hounds (D:5)
  2 iguanas
  Ijyb (D:3)
  Natasha (twice) (D:2)
  An orc wizard (D:3)
  Robin (D:3)
  10 adders
  An ufetubus (D:5)
  3 worms (D:4)
  12 orcs
  10 endoplasms
  3 giant cockroaches
  12 hobgoblins
  3 jackals
  9 kobolds
  2 quokkas
  8 ball pythons
  4 bats (D:1)
  6 frilled lizards
  20 goblins
  3 rats
121 creatures vanquished.

Vanquished Creatures (others)
  17 foxfires (D:1)
17 creatures vanquished.

Grand Total: 138 creatures vanquished

Notes
Turn   | Place    | Note
-------+----------+-------------------------------------------
     0 | D:1      | Ajdolov the Ogre Fire Elementalist began the quest for the
                  | Orb.
     0 | D:1      | Reached XP level 1. HP: 16/16 MP: 3/3
   241 | D:1      | Reached skill level 3 in Spellcasting
   681 | D:1      | Reached XP level 2. HP: 21/24 MP: 3/6
   734 | D:1      | Learned a level 2 spell: Scorch
  1338 | D:1      | Reached XP level 3. HP: 31/31 MP: 8/8
  1526 | D:2      | Reached skill level 4 in Spellcasting
  1627 | D:2      | Reached XP level 4. HP: 24/39 MP: 2/10
  1795 | D:2      | Reached skill level 5 in Spellcasting
  2392 | D:2      | Found a runed translucent door.
  2393 | D:2      | Noticed Crazy Yiuf
  2565 | D:3      | Noticed Natasha
  2572 | D:2      | Killed Natasha
  2573 | D:2      | Reached XP level 5. HP: 27/45 MP: 12/13
  2793 | D:2      | Noticed Natasha
  2797 | D:2      | Killed Natasha
  2974 | D:3      | Reached skill level 6 in Spellcasting
  3018 | D:3      | Noticed Robin
  3155 | D:3      | Killed Robin
  3337 | D:3      | Noticed Sigmund
  3340 | D:3      | Killed Sigmund
  3341 | D:3      | Reached skill level 7 in Spellcasting
  3341 | D:3      | Reached XP level 6. HP: 53/53 MP: 16/16
  3420 | D:3      | Found an ornate altar of the Wu Jian Council.
  3420 | D:3      | Found a blossoming altar of Fedhas.
  3446 | D:3      | Found an iron altar of Okawaru.
  3460 | D:3      | Found an opulent altar of Gozag.
  3705 | D:3      | Found a faded altar of an unknown god.
  3751 | D:3      | Noticed Ijyb
  3767 | D:3      | Killed Ijyb
  3768 | D:3      | Reached skill level 8 in Spellcasting
  3929 | D:3      | Reached XP level 7. HP: 59/59 MP: 18/18
  4534 | D:4      | Reached skill level 9 in Spellcasting
  4887 | D:4      | Found a sacrificial altar of Ru.
  4992 | D:5      | Entered Level 5 of the Dungeon
  5346 | D:5      | Reached XP level 8. HP: 66/67 MP: 19/21
  5354 | D:5      | HP: 2/67 [gnoll sergeant/+0 trident (7)]
  5697 | D:5      | Mangled by a gnoll sergeant

Illustrated notes

Levels and vault maps discovered:
D:1:      onia_arrival_pyramid, layout_basic
D:2:      minmay_skewed_foursquare, layout_rooms, uniq_crazy_yiuf_cottage
D:3:      layout_rooms, grunt_temple_overflow_cloverleaf,
          dreamdust_ecumenical_altar_angels_and_demons, uniq_sigmund, uniq_ijyb,
          uniq_robin, uniq_natasha
D:4:      cheibrodos_greedy_goblins, layout_rooms,
          nicolae_ru_sacrificial_ziggurat, minmay_crystal_water
D:5:      layout_rooms, serial_shops, nicolae_shop_advertising_works
          [nicolae_subvault_shop_adworks], minmay_between

Skill      XL: |  1  2  3  4  5  6  7 |
---------------+----------------------+-----
Spellcasting   | 3 4 5 7 8 9 |  9.9
Dodging        | |  1.7
Stealth        | |  1.4
Conjurations   | |  0.8
Fire Magic     | |  2.6

Action                   |  1- 3 |  4- 6 |  7- 9 || total
-------------------------+-------+-------+-------++-------
Melee: Short sword       |    57 |    39 |     2 ||    98
       Unarmed           |     3 |       |       ||     3
 Cast: Foxfire           |    16 |       |       ||    16
       Scorch            |     5 |    58 |    66 ||   129
 Stab: Sleeping          |     3 |     1 |       ||     4
Armor: Robe              |    32 |    17 |    12 ||    61
Dodge: Dodged            |    54 |    30 |    21 ||   105

Table legend: (Time is in decaauts)
 A = Elapsed time spent in this place.
 B = Non-inter-level travel time spent in this place.
 C = Inter-level travel time spent in this place.
 D = Time resting spent in this place.
 E = Time spent auto-exploring this place.
 F = Levels seen in this place.
 G = Mean time per level.
                   A        B        C        D        E       F      G
               +--------+--------+--------+--------+--------+-----+--------+
         Total |   5711 |   5440 |    271 |   1061 |   3698 |   5 | 1142.2 |
       Dungeon |   5711 |   5440 |    271 |   1061 |   3698 |   5 | 1142.2 |
               +--------+--------+--------+--------+--------+-----+--------+

Top non-repeatable levels by time:
     D:2: 1576 daAuts
     D:1: 1521 daAuts
     D:4: 1262 daAuts
     D:3: 1200 daAuts
     D:5: 150 daAuts
